 Dungeon Crawl Stone Soup version 0.28.0-1-gb440e238dd (webtiles) character file.

Game seed: 17587089544348432221

75273 chmiii the Bludgeoner (level 15, -1/155 (159) HPs)
             Began as a Troll Gladiator on Feb 20, 2022.
             Was a High Priest of Trog.
             Slain by a hellwing (5 damage)
             ... summoned by an orc high priest
             ... while paralysed by an orc sorcerer
             ... on level 2 of the Orcish Mines.
             The game lasted 02:19:07 (21750 turns).

chmiii the Bludgeoner (Troll Gladiator)            Turns: 21750, Time: 02:19:07

HP:   -1/155 (159)  AC: 10    Str: 26    XL:     15   Next: 9%
MP:   0/14          EV:  1    Int:  4    God:    Trog [*****.]
Gold: 2369          SH:  0    Dex: 19    Spells: 14/14 levels left

rFire   + . .      SeeInvis .   a - +1 eveningstar (flame)
rCold   . . .      Faith    .   e - +0 kite shield
rNeg    . . .      Spirit   +   Q - +0 troll leather armour
rPois   .          Reflect  .   c - +0 hat
rElec   .          Harm     .   y - +1 cloak {rF+}
rCorr   .          Rampage  .   (gloves unavailable)
Will    +....                   (boots unavailable)
Stlth   +.........              H - amulet of guardian spirit
HPRegen 1.95/turn               o - +4 ring of protection
MPRegen 0.14/turn               E - +4 ring of evasion

@: paralysed, corroded, lightly drained
A: large, unfitting armour, claws 3, regeneration 1, shaggy fur 1, tough skin 1,
agile 1
a: Renounce Religion, Berserk, Trog's Hand, Brothers in Arms


You were on level 2 of the Orcish Mines.
You worshipped Trog.
Trog was extremely pleased with you.
You visited 4 branches of the dungeon, and saw 19 of its levels.
You also visited: Sewer, Ice Cave and Volcano.

You collected 2439 gold pieces.
You spent 70 gold pieces at shops.

Inventory:

Hand Weapons
 a - a +1 eveningstar of flaming (weapon)
 b - a +0 hunting sling
 w - a +2 antimagic morningstar
Missiles
 d - 4 throwing nets
 f - 12 large rocks (quivered)
 k - 7 javelins
 p - 25 poisoned darts
 B - 3 boomerangs
 J - 7 silver boomerangs
 M - 141 sling bullets
 N - 2 atropa-tipped darts
 V - 4 datura-tipped darts
Armour
 c - a +0 hat (worn)
 e - a +0 kite shield (worn)
 y - a +1 cloak of fire resistance (worn)
 I - +0 steam dragon scales
 Q - a +0 troll leather armour (worn)
Jewellery
 h - a ring of positive energy
 l - a ring of see invisible
 o - a +4 ring of protection (left claw)
 E - a +4 ring of evasion (right claw)
 G - a ring of resist corrosion
 H - an amulet of guardian spirit (around neck)
Wands
 g - a wand of acid (3)
 x - a wand of flame (48)
 A - a wand of mindburst (16)
 C - a wand of digging (2)
 F - a wand of paralysis (11)
 L - a wand of iceblast (15)
 Y - a wand of charming (6)
Scrolls
 j - a scroll of blinking
 m - 2 scrolls of amnesia {unknown}
 q - a scroll of magic mapping
 D - 4 scrolls of enchant weapon
 O - 5 scrolls of fear {unknown}
 P - 2 scrolls of silence {unknown}
 S - 4 scrolls of teleportation
 W - a scroll of brand weapon {unknown}
 X - 2 scrolls of enchant armour {unknown}
Potions
 i - 4 potions of haste
 n - 4 potions of curing
 r - 3 potions of magic
 s - 3 potions of heal wounds
 t - a potion of invisibility
 u - 4 potions of cancellation
 v - 7 potions of might
 z - 2 potions of attraction {unknown}
 K - 6 potions of brilliance
 T - 2 potions of flight {unknown}
 U - a potion of resistance
Miscellaneous
 R - a condenser vane


   Skills:
 + Level 13.0 Fighting
 - Level 16.0 Maces & Flails
 - Level 1.7 Throwing
 + Level 11.1 Armour
 + Level 9.8 Dodging


You had 14 spell levels left.
You didn't know any spells.
Your spell library contained the following spells:

 Spells                   Type           Power      Damage    Failure   Level
 Magic Dart               Conj           0%         1d3       86%         1
 Call Imp                 Summ           0%         N/A       95%         2
 Mephitic Cloud           Conj/Pois/Air  0%         N/A       99%         3
 Cause Fear               Hex            0%         N/A       100%        4
 Dragon Form              Tmut           0%         N/A       100%        7
 Dragon's Call            Summ           0%         N/A       100%        9


Dungeon Overview and Level Annotations

Branches:
Dungeon (10/15)            Temple (1/1) D:7            Lair (6/6) D:8
  Swamp (0/4) Lair:3        Snake (0/4) Lair:2        Slime (0/5) Lair:5
    Orc (2/2) D:10            Elf (0/3) Orc:2         Sewer (visited)
  IceCv (visited)         Volcano (visited)

Altars:
Ashenzari
Cheibriados
Dithmenos
Elyvilon
Fedhas
Gozag
Hepliaklqana
Kikubaaqudgha
Makhleb
Nemelex Xobeh
Okawaru
Qazlal
Ru
Sif Muna
Trog
Uskayaw
Vehumet
Wu Jian
Xom
Yredelemnul
Zin
The Shining One
Beogh

Shops:
Orc:1 *   Orc:2 *

Annotations:
D:9 1 runed translucent door


Innate Abilities, Weirdness & Mutations

You are too large for most types of armour.
You have claws for hands.
Your natural rate of healing is unusually fast.
You are covered in fur. (AC +1)
You have tough skin. (AC +1)
You are agile. (Dex +2)


Message History

You throw a large rock. The large rock hits the orc sorcerer!!
The orc sorcerer is almost dead.
The hellwing disappears in a puff of smoke!
The sixfirhy hits you. The sixfirhy shocks you!
The sixfirhy hits you but does no damage.
The sixfirhy barely misses you. x2; The sixfirhy hits you.
The sixfirhy shocks you!
The sixfirhy hits you but does no damage.
You block the sixfirhy's attack.
The orc sorcerer points at you and mumbles some strange words.
You suddenly lose the ability to move!
The neqoxec disappears in a puff of smoke!
The orc sorcerer hits you but does no damage.
The orc sorcerer mumbles some strange words.
The orc priest calls down the wrath of Beogh upon you.
Beogh smites you! The sixfirhy hits you. The sixfirhy shocks you!
The sixfirhy hits you but does no damage. x2
The orc sorcerer hits you but does no damage.
The hellwing hits you. x2; The hellwing hits you!
The hellwing hits you but does no damage.
The sixfirhy hits you. The sixfirhy shocks you! The sixfirhy hits you!
The sixfirhy shocks you! The sixfirhy hits you! The sixfirhy shocks you!
The sixfirhy hits you.
* * * LOW HITPOINT WARNING * * *
The sixfirhy shocks you!
* * * LOW HITPOINT WARNING * * *
The orc sorcerer points at you and mumbles some strange words.
The bolt of fire hits you! You resist.
* * * LOW HITPOINT WARNING * * *
The orc priest invokes the aid of Beogh against you.
Beogh smites you!
* * * LOW HITPOINT WARNING * * *
The rust devil hits you. The rust devil corrodes you! The hellwing hits you!
* * * LOW HITPOINT WARNING * * *
The hellwing hits you.
* * * LOW HITPOINT WARNING * * *
The sixfirhy hits you but does no damage.
The hellwing hits you.
You die...

#.##.....#....#.##
#......#####.....## ##
#..#....###.......## <##
####.....#.........# ..#
##### ##...#)[.......## o##
#...# #<...).........# ###
####.#######[..<.####.##
..###.##..#.####[4....#####
...##.#...#..#.4@......##
[o#.....#....#o3o4......#
........#...[)((o###....###
(......###...o..## #....#.##
8.....#####.(....####......#
...(o.#.#.#.......###...#.##
........#.........##....###
.............#....#.....#
#..##........#.........##


You could see an orc high priest, 2 hellwings, a rust devil (summoned), a
sixfirhy (summoned), an orc sorcerer and 2 orc priests.

Vanquished Creatures
  A frost giant (IceCv)
  An orc warlord (Orc:1)
  An ettin (Orc:2)
  A fire dragon (Lair:6)
  Josephine (Lair:6)
  A boulder beetle (D:10)
  7 hydras
  Erica (Lair:2)
  12 death yaks
  A catoblepas (Lair:6)
  An orc high priest (Orc:2)
  A wizard (D:10)
  2 bog bodies
  The ghost of trudenn the Geomancer, a novice GrEE of Vehumet (D:8)
  Pikel (D:7)
  5 lindwurms
  An orc sorcerer (Orc:2)
  2 cyclopes (Orc:1)
  A deep elf pyromancer (D:9)
  3 wolf spiders (D:9)
  10 elephants
  A manticore (D:8)
  A toenail golem (Volcano)
  6 black mambas
  7 molten gargoyles
  An ice statue (IceCv)
  14 cane toads
  The ghost of snaxamus the Slasher, a novice FoFi (D:6)
  A gargoyle (D:8)
  2 torpor snails
  Maggie (D:8)
  A kobold demonologist (D:10)
  8 rime drakes
  2 efreet (Volcano)
  12 komodo dragons
  2 hornets (D:9)
  2 trolls
  20 blink frogs
  Prince Ribbit (D:7)
  7 polar bears
  4 fire elementals
  2 fire bats (Lair:4)
  A vampire (D:10)
  4 wraiths (Lair:6)
  7 wyverns
  58 yaks
  4 steam dragons
  8 basilisks
  2 redbacks (D:9)
  A vampire mosquito (D:7)
  Menkaure (D:7)
  11 water moccasins
  6 hell hounds
  An ice beast (D:6)
  A hornet zombie (D:7)
  17 orc warriors
  2 black bears
  7 ogres
  13 wolves
  2 centaurs
  4 lemures
  A phantom (D:7)
  2 kobold brigands
  4 scorpions
  2 gnoll sergeants
  10 bullfrogs
  A wyvern zombie (D:5)
  An earth elemental (Volcano)
  16 wights
  11 killer bees
  3 howler monkeys
  5 lava snakes (Lair:6)
  2 bullfrog zombies
  3 centaur zombies
  3 jellies (Lair:5)
  4 hounds
  11 orc priests
  3 centaur skeletons
  2 gnoll shamans
  4 iguanas
  5 hell rats (Lair:5)
  13 orc wizards
  A spectral killer bee (D:8)
  Ijyb (D:4)
  A mummy (D:4)
  Robin (D:3)
  12 gnolls
  4 howler monkey skeletons
  14 adders
  4 river rats (Sewer)
  12 white imps (Lair:1)
  2 ufetubi
  A worm (D:2)
  49 orcs
  13 endoplasms
  7 giant cockroaches
  11 goblins
  9 hobgoblins
  31 kobolds
  2 quokkas
  19 ball pythons
  3 bats
  5 frilled lizards
  17 rats
626 creatures vanquished.

Vanquished Creatures (collateral kills)
  A black mamba (D:9)
  3 redbacks (D:9)
  4 water moccasins (D:9)
  3 orc priests (Orc:2)
  An orc (Orc:2)
12 creatures vanquished.

Vanquished Creatures (others)
  A boulder beetle (Lair:5)
  A fire vortex (Volcano)
  28 fungi
  35 plants
65 creatures vanquished.

Grand Total: 703 creatures vanquished

Notes
Turn   | Place    | Note
-------+----------+-------------------------------------------
     0 | D:1      | chmiii the Troll Gladiator began the quest for the Orb.
     0 | D:1      | Reached XP level 1. HP: 19/19 MP: 0/0
     3 | D:1      | You fall into a shaft and drop 1 floor!
    79 | D:2      | Reached skill level 3 in Maces & Flails
   110 | D:2      | Reached XP level 2. HP: 24/28 MP: 1/1
   161 | D:2      | Reached XP level 3. HP: 24/35 MP: 2/2
   360 | D:2      | Reached skill level 4 in Maces & Flails
   360 | D:2      | Reached XP level 4. HP: 42/44 MP: 3/3
   736 | D:1      | Found a faded altar of an unknown god.
  1281 | D:3      | Found a basalt altar of Yredelemnul.
  1611 | D:3      | Found a glowing drain.
  1636 | D:3      | Reached XP level 5. HP: 40/52 MP: 4/4
  1645 | Sewer    | Entered a sewer
  1976 | Sewer    | Reached skill level 5 in Maces & Flails
  1986 | Sewer    | Reached XP level 6. HP: 33/61 MP: 5/5
  2877 | D:3      | Noticed Robin
  2914 | D:3      | Killed Robin
  3204 | D:4      | Found a snail-covered altar of Cheibriados.
  3328 | D:4      | Found a burning altar of Makhleb.
  3342 | D:4      | Found a radiant altar of Vehumet.
  3462 | D:4      | Found a glowing golden altar of the Shining One.
  3464 | D:4      | Noticed Ijyb
  3495 | D:4      | Killed Ijyb
  3852 | D:4      | Reached skill level 6 in Maces & Flails
  3942 | D:4      | Found an iron altar of Okawaru.
  4089 | D:5      | Entered Level 5 of the Dungeon
  4286 | D:4      | Reached XP level 7. HP: 57/68 MP: 6/6
  4708 | D:5      | Found a sparkling altar of Nemelex Xobeh.
  4970 | D:6      | Reached skill level 7 in Maces & Flails
  5083 | D:6      | Reached XP level 8. HP: 57/78 MP: 7/7
  5259 | D:6      | Found a runed translucent gate.
  5264 | D:6      | Found a runed translucent gate.
  5265 | D:6      | Found an opulent altar of Gozag.
  5267 | D:6      | Found a runed translucent gate.
  5268 | D:6      | Noticed snaxamus's ghost (novice FoFi)
  5395 | D:6      | Reached skill level 5 in Fighting
  5395 | D:6      | Reached skill level 8 in Maces & Flails
  5878 | D:7      | Noticed Pikel
  6019 | D:7      | Noticed Prince Ribbit
  6023 | D:7      | Killed Prince Ribbit
  6079 | D:7      | Reached skill level 9 in Maces & Flails
  6130 | D:7      | Killed Pikel
  6131 | D:7      | Reached XP level 9. HP: 80/89 MP: 5/8
  6225 | D:7      | Noticed Menkaure
  6228 | D:7      | Killed Menkaure
  6296 | D:7      | Reached skill level 10 in Maces & Flails
  6633 | D:7      | Found a staircase to the Ecumenical Temple.
  6827 | Temple   | Entered the Ecumenical Temple
  7051 | Temple   | Became a worshipper of Trog the Wrathful
  7111 | D:8      | Noticed Maggie
  7111 | D:8      | Noticed a manticore
  7118 | D:8      | Killed a manticore
  7274 | D:8      | Killed Maggie
  7309 | D:8      | Noticed a gargoyle
  7402 | D:7      | Reached skill level 11 in Maces & Flails
  7542 | D:8      | Killed a gargoyle
  7543 | D:8      | Reached skill level 1 in Armour
  7543 | D:8      | Reached XP level 10. HP: 102/102 MP: 9/9
  7693 | D:8      | Found a runed translucent gate.
  7693 | D:8      | Found a runed translucent gate.
  7695 | D:8      | Found a runed translucent gate.
  7701 | D:8      | Noticed trudenn's ghost (novice GrEE)
  7739 | D:8      | Reached * piety under Trog
  7783 | D:8      | Found a staircase to the Lair.
  8302 | D:9      | Noticed a deep elf pyromancer
  8304 | D:9      | Found a blossoming altar of Fedhas.
  8312 | D:9      | Killed a deep elf pyromancer
  8313 | D:9      | Reached skill level 12 in Maces & Flails
  8376 | D:9      | Found a runed translucent door.
  8378 | D:9      | Noticed a wolf spider
  8378 | D:9      | Noticed a wolf spider
  8384 | D:9      | Found a runed translucent gate.
  8384 | D:9      | Found a runed translucent gate.
  8389 | D:9      | Found a runed translucent door.
  8390 | D:9      | Found the +9 staff of Olgreb {rPois∞}
  8409 | D:9      | Found a runed translucent gate.
  8409 | D:9      | Noticed a black mamba
  8410 | D:9      | Noticed a wolf spider
  8650 | D:9      | Found a glowing silver altar of Zin.
  8802 | D:9      | Reached skill level 13 in Maces & Flails
  8961 | D:9      | Found a hazy altar of Hepliaklqana.
  9160 | D:10     | Entered Level 10 of the Dungeon
  9230 | D:10     | Reached ** piety under Trog
  9261 | D:10     | Found a staircase to the Orcish Mines.
  9330 | D:10     | Reached XP level 11. HP: 102/111 MP: 8/10
  9343 | D:10     | Noticed a wizard
  9350 | D:10     | Killed a wizard
  9552 | D:10     | Noticed a boulder beetle
  9574 | D:10     | Killed a boulder beetle
  9575 | D:10     | Reached skill level 14 in Maces & Flails
  9653 | D:10     | Found an opulent altar of Gozag.
  9730 | D:10     | Found a hide-covered altar of Uskayaw.
  9816 | D:10     | Found a stormy altar of Qazlal.
  9820 | D:10     | Identified the +0 robe "Fur Peic" {Int-4 Dex+6}
 10066 | Lair:1   | Entered Level 1 of the Lair of Beasts
 10066 | Lair:1   | Found a frozen archway.
 10258 | Lair:1   | Noticed an eight-headed hydra
 10265 | Lair:1   | Killed an eight-headed hydra
 10321 | IceCv    | Entered an ice cave
 10393 | IceCv    | Noticed a death yak
 10422 | IceCv    | Killed a death yak
 10425 | IceCv    | Reached skill level 15 in Maces & Flails
 10439 | IceCv    | Reached skill level 5 in Armour
 10653 | IceCv    | Noticed a death yak
 10662 | IceCv    | Killed a death yak
 10827 | IceCv    | Noticed a death yak
 10853 | IceCv    | Killed a death yak
 10870 | IceCv    | Noticed a death yak
 10903 | IceCv    | Killed a death yak
 10911 | IceCv    | Reached *** piety under Trog
 10976 | IceCv    | Noticed a death yak
 10991 | IceCv    | Noticed a death yak
 11030 | IceCv    | Killed a death yak
 11031 | IceCv    | Reached XP level 12. HP: 65/123 MP: 4/11
 11046 | IceCv    | Killed a death yak
 11047 | IceCv    | Reached skill level 16 in Maces & Flails
 11186 | IceCv    | Noticed a frost giant
 11186 | IceCv    | Noticed a death yak
 11311 | IceCv    | Killed a frost giant
 11321 | IceCv    | Killed a death yak
 12196 | Lair:2   | Found a staircase to the Snake Pit.
 12308 | Lair:2   | Reached skill level 10 in Fighting
 12479 | Lair:2   | Noticed Erica
 12491 | Lair:2   | Killed Erica
 12494 | Lair:2   | Noticed a five-headed hydra
 12504 | Lair:2   | Killed a five-headed hydra
 12740 | Lair:2   | Reached skill level 5 in Dodging
 13202 | Lair:3   | Found a staircase to the Swamp.
 13217 | Lair:2   | Reached **** piety under Trog
 13723 | Lair:3   | Reached XP level 13. HP: 135/135 MP: 12/12
 14778 | Lair:4   | Found a dark tunnel.
 14795 | Volcano  | Entered a volcano
 14964 | Volcano  | Reached ***** piety under Trog
 15577 | Lair:4   | Received a gift from Trog
 15631 | Lair:4   | Found a transporter.
 15895 | Lair:4   | Found a transporter.
 16712 | Lair:5   | Reached XP level 14. HP: 148/148 MP: 13/13
 17150 | Lair:5   | Found a staircase to the Slime Pits.
 17413 | Lair:6   | Entered Level 6 of the Lair of Beasts
 17592 | Lair:6   | Identified the +9 falchion "Ajogiti" {speed, rElec}
 17640 | Lair:6   | Reached skill level 10 in Armour
 18720 | Lair:6   | Noticed Josephine
 18740 | Lair:6   | Killed Josephine
 18759 | Lair:6   | Found a large runed translucent door.
 18759 | Lair:6   | Found a large runed translucent door.
 19351 | D:6      | Killed snaxamus's ghost
 19476 | D:8      | Killed trudenn's ghost
 19539 | D:9      | Received a gift from Trog
 19660 | D:9      | Identified the +1 leather armour "Homima" {rN+ rCorr Int+2
                  | Dex-5}
 19743 | D:9      | Paralysed by a hornet for 2 turns
 19750 | D:9      | Paralysed by a hornet for 1 turns
 19847 | Orc:1    | Entered Level 1 of the Orcish Mines
 19847 | Orc:1    | Found Taopnaas's General Store.
 19884 | Orc:1    | Bought a scroll of teleportation for 42 gold pieces
 19884 | Orc:1    | Bought a scroll of identify for 28 gold pieces
 20538 | Orc:2    | Entered Level 2 of the Orcish Mines
 20552 | Orc:2    | Found Fyibam's General Store.
 20825 | Orc:2    | Found a staircase to the Elven Halls.
 20946 | Orc:2    | Reached XP level 15. HP: 128/158 MP: 3/14
 21006 | Orc:2    | Received a gift from Trog
 21046 | Orc:2    | Noticed an orc warlord
 21645 | Orc:1    | Killed an orc warlord
 21734 | Orc:2    | Gained mutation: You are agile. (Dex +2) [a neqoxec]
 21746 | Orc:2    | Paralysed by an orc sorcerer for 7 turns
 21750 | Orc:2    | HP: 4/155 [hellwing[an orc sorcerer] (4)]
 21750 | Orc:2    | Slain by a hellwing

Illustrated notes

Levels and vault maps discovered:
D:1:      wheals_arrival_shading, layout_basic,
          shapermc_ecumenical_altar_hornbeckon, serial_bayou,
          serial_bayou_shore_a, serial_bayou_crossing, serial_bayou_pond_a,
          serial_bayou_ford_a
D:2:      layout_rooms, serial_glass, glass_columns_a, glass_columns_b,
          minmay_strange_pillars
D:3:      layout_basic, mainiacjoe_overflow_24_doors, gup_sewer_entry_glass,
          uniq_robin
D:4:      layout_loops_corners, slow_altar_1, vehumet_altar_wand_db,
          tso_oasis_becter, mainiacjoe_overflow_large_starburst, uniq_ijyb
D:5:      layout_rooms, nemelex_xobeh_ov_fountains_minmay, lemuel_flamethrower_1
D:6:      layout_basic, ebering_ghost_gozag
D:7:      layout_loops_ring, minmay_temple_entry_metal_lava,
          hangedman_decor_points, uniq_pikel, uniq_prince_ribbit1, uniq_menkaure
D:8:      layout_rooms, grunt_lair_entry_orc_guard_hut,
          gammafunk_ghost_necromancy, minmay_manual_moon, uniq_maggie
D:9:      layout_roguey, kennysheep_mini_moat,
          mainiacjoe_overflow_small_starburst, kennysheep_little_box,
          minmay_guarded_unrand_staff_of_olgreb
D:10:     layout_cave_pools, old_standard_altar, grunt_gozag_breadcrumbs,
          nicolae_qazlal_general_emergency, minmay_orc_entry_temple_small
Temple:   jpeg_temple_island
Lair:1:   layout_roguey, portal_ice_cave_entry_imps, minivault_11,
          nicolae_lair_lindhole
Lair:2:   layout_chaotic_city, dummy_snake_entry, serial_forest,
          infiniplex_forest_lined_ring, infiniplex_forest_clump_tiny,
          infiniplex_forest_lined_room_2, infiniplex_forest_clump_tiny,
          infiniplex_forest_zigzag_2, infiniplex_forest_straight_3,
          infiniplex_forest_lined_corner, infiniplex_forest_straight_5,
          infiniplex_forest_clump_medium, chequers_serial_rivers_micro_e,
          grunt_forest_stairs_basic, fungi_pond_lemuel,
          minmay_stone_trees_medium, uniq_erica
Lair:3:   layout_loops_ring, skrybe_swamp_entry_bodies,
          chequers_serial_rivers_small_3
Lair:4:   gammafunk_cloud_chamber, layout_regular_city,
          nicolae_volcano_entry_lava_flow
Lair:5:   layout_misc_corridors, nicolae_slime_entry_slimehenge, serial_forest,
          infiniplex_forest_lined_2, infiniplex_forest_corner_2,
          infiniplex_forest_end_3, infiniplex_forest_clump_medium,
          infiniplex_forest_clump_small, infiniplex_forest_clump_C,
          infiniplex_forest_end_2, infiniplex_forest_straight_4,
          infiniplex_forest_end_1, hangedman_lair_generics_rect
Lair:6:   cheibrodos_lair_end_hotspot, layout_cave_pods, st_stairs_5,
          uniq_josephine
Orc:1:    layout_caves, serial_shops, nicolae_shop_trees
Orc:2:    st_orc_congregation, layout_diamond_mine, serial_shops,
          nicolae_shop_statue_plus, uniq_urug

Skill      XL: |  1  2  3  4  5  6  7  8  9 10 11 12 13 14 15 |
---------------+----------------------------------------------+-----
Maces & Flails | 3 4 5 6 7 9 11 13 15 16 | 16.0
Fighting       | 2 3 4 6 7 8 9 10 11 12 13 | 13.0
Armour         | 1 3 5 7 9 11 | 11.1
Dodging        | 5 7 9 |  9.8
Throwing       | |  1.7

Action                   |  1- 3 |  4- 6 |  7- 9 | 10-12 | 13-15 || total
-------------------------+-------+-------+-------+-------+-------++-------
Melee: Unarmed           |    65 |   431 |    94 |       |       ||   590
       Flail             |     7 |       |       |       |       ||     7
       Punch             |       |     8 |     4 |       |       ||    12
       Dire flail        |       |       |   187 |   670 |   306 ||  1163
       Morningstar       |       |       |       |    10 |   174 ||   184
       Eveningstar       |       |       |       |       |   708 ||   708
 Fire: Hunting sling     |       |       |       |    14 |    64 ||    78
Throw: Large rock        |       |     2 |    28 |     8 |    19 ||    57
       Throwing net      |       |     2 |     3 |       |       ||     5
       Dart              |       |       |     8 |       |     2 ||    10
       Javelin           |       |       |     2 |     4 |       ||     6
       Boomerang         |       |       |       |    23 |    17 ||    40
Invok: Berserk           |       |       |       |     4 |       ||     4
       Trog's Hand       |       |       |       |     3 |     5 ||     8
       Brothers in Arms  |       |       |       |       |     3 ||     3
  Use: Scroll            |       |     5 |     3 |     8 |     3 ||    19
       Potion            |       |       |       |     1 |     3 ||     4
 Stab: Sleeping          |       |     2 |       |     1 |       ||     3
       Held in net/web   |       |       |     1 |       |       ||     1
Armor: Robe              |    22 |   132 |    18 |       |       ||   172
       Steam dragon scal |       |       |    65 |   194 |   305 ||   564
       Skin              |       |       |       |       |     5 ||     5
       Troll leather arm |       |       |       |       |    23 ||    23
Dodge: Dodged            |    42 |   253 |   159 |   312 |   759 ||  1525
Block: Kite shield       |       |       |       |     2 |   273 ||   275
